 Dungeon Crawl Stone Soup version 0.20.1-1-g8b1a95d (webtiles) character file.

233 homeworkjunkie the Chopper (level 6, -7/52 HPs)
             Began as a Hill Orc Fighter on Nov 13, 2017.
             Mangled by Thaneod's ghost (9 damage)
             ... on level 4 of the Dungeon.
             The game lasted 00:05:58 (3085 turns).

homeworkjunkie the Chopper (Hill Orc Fighter)       Turns: 3085, Time: 00:05:59

Health: -7/52      AC: 10    Str: 20      XL:     6   Next: 4%
Magic:  6/6        EV: 10    Int:  8 (10) God:
Gold:   107        SH:  0    Dex: 11      Spells: 5/5 levels left

rFire    . . .     SeeInvis +   g - +0 battleaxe
rCold    . . .     Gourm    .   (shield currently unavailable)
rNeg     . . .     Faith    .   b - +0 scale mail
rPois    .         Spirit   .   j - +0 helmet
rElec    .         Reflect  .   (no cloak)
rCorr    .         Harm     .   (no gloves)
MR       .....                  (no boots)
Stlth    ..........             (no amulet)
Regen    0.2/turn               e - ring of see invisible
MPRegen  0.1/turn               f - ring of flight

@: no status effects
A: icy blue scales 1, clever 1, deterioration 1
a: Evoke Flight


You were on level 4 of the Dungeon.
You were not hungry.

You visited 1 branch of the dungeon, and saw 4 of its levels.

You collected 107 gold pieces.

Inventory:

Hand Weapons
 g - a +0 battleaxe (weapon)
Missiles
 d - 4 tomahawks (quivered)
Armour
 b - a +0 scale mail (worn)
 c - a +0 shield
 j - a +0 helmet (worn)
Jewellery
 e - a ring of see invisible (left hand)
 f - a ring of flight (right hand)
Scrolls
 a - a scroll of identify
 k - a scroll of fog
 l - a scroll of blinking
 m - a scroll of magic mapping
 o - a scroll of remove curse
Potions
 i - a potion of mutation
 n - a potion of ambrosia
Comestibles
 h - 2 meat rations
 p - a bread ration


   Skills:
 * Level 4.3 Fighting
   Level 0.2 Short Blades
 * Level 5.7 Axes
 * Level 4.0 Armour
 + Level 0.8 Dodging
 * Level 4.4 Shields


You had 5 spell levels left.
You didn't know any spells.

Dungeon Overview and Level Annotations

Branches:
Dungeon (4/15)
 Temple: D:4-7

Altars:
Elyvilon
Makhleb

Annotations:
D:4 Thaneod's ghost, novice MiGl


Innate Abilities, Weirdness & Mutations

You are partially covered in icy blue scales. (AC +2)
Your mind is acute. (Int +2)
Your body sometimes deteriorates upon taking damage.


Message History

You barely miss Thaneod's ghost.
Thaneod's ghost is severely damaged.
Thaneod's ghost hits you.
* * * LOW HITPOINT WARNING * * *
Thaneod's ghost misses you.
You feel much better.
Thaneod's ghost hits you but does no damage.
You slash Thaneod's ghost!
Thaneod's ghost is almost destroyed.
Thaneod's ghost hits you!
You closely miss Thaneod's ghost.
Thaneod's ghost is almost destroyed.
Thaneod's ghost hits you!
* * * LOW HITPOINT WARNING * * *
Thaneod's ghost hits you!
* * * LOW HITPOINT WARNING * * *
You hit Thaneod's ghost but do no damage.
Thaneod's ghost is almost destroyed.
Thaneod's ghost hits you!
You die...

#.#######
#..W@...#
##......#
#.######
#. . ##


You could see Thaneod's ghost.

Vanquished Creatures
  An orc priest (D:3)
  An orc wizard (D:3)
  4 gnolls (D:3)
  6 adders
  2 worms (D:3)
  A leopard gecko (D:2)
  8 orcs (D:3)
  A ball python (D:3)
  10 bats
  5 giant cockroaches
  8 goblins
  3 hobgoblins
  9 jackals (D:2)
  5 kobolds
  3 quokkas
  A frilled lizard (D:1)
  6 rats
  A plant (D:1)
75 creatures vanquished.

Vanquished Creatures (others)
  A rat (D:3)
1 creature vanquished.

Grand Total: 76 creatures vanquished

Notes
Turn   | Place    | Note
-------+----------+-------------------------------------------
     0 | D:1      | homeworkjunkie the Hill Orc Fighter began the quest for the Orb.
     0 | D:1      | Reached XP level 1. HP: 19/19 MP: 1/1
   328 | D:2      | Reached XP level 2. HP: 26/26 MP: 2/2
   652 | D:2      | Reached skill level 3 in Axes
   761 | D:3      | Reached XP level 3. HP: 26/33 MP: 3/3
   794 | D:3      | Found a burning altar of Makhleb.
  1027 | D:4      | Noticed Thaneod's ghost (novice MiGl)
  1042 | D:3      | Reached skill level 4 in Axes
  1045 | D:3      | Reached XP level 4. HP: 8/40 MP: 4/4
  1407 | D:3      | Reached XP level 5. HP: 23/46 MP: 5/5
  1416 | D:3      | Reached skill level 5 in Axes
  1635 | D:3      | Found a white marble altar of Elyvilon.
  1780 | D:2      | Gained mutation: Your body sometimes deteriorates upon taking damage. [potion of mutation]
  1780 | D:2      | Gained mutation: Your mind is acute. (Int +2) [potion of mutation]
  1780 | D:2      | Gained mutation: You are partially covered in icy blue scales. (AC +2) [potion of mutation]
  2582 | D:2      | Reached XP level 6. HP: 52/52 MP: 6/6
  3084 | D:4      | HP: 1/52 [Thaneod's ghost (8)]
  3085 | D:4      | Mangled by Thaneod's ghost

Skill      XL: |  1  2  3  4  5 |
---------------+----------------+-----
Axes           | 3 4 5 |  5.7
Shields        | 4 |  4.4
Fighting       | 4 |  4.3
Armour         | 4 |  4.0
Short Blades   | |  0.2
Dodging        | |  0.8

Action                   |  1- 3 |  4- 6 || total
-------------------------+-------+-------++-------
Melee: War axe           |    96 |     2 ||    98
       Short sword       |       |    95 ||    95
       Battleaxe         |       |   103 ||   103
  Use: Scroll            |     3 |     7 ||    10
       Potion            |     1 |     7 ||     8
  Eat: Bread ration      |       |     2 ||     2
Armor: Scale mail        |    80 |    91 ||   171
Dodge: Dodged            |    39 |    67 ||   106
Block: Shield            |    69 |    35 ||   104
